 Dungeon Crawl Stone Soup version 0.29-a0-284-gf9362112df (webtiles) character file.

Game seed: 14900115564860745596

3196 spaghetti the Destroyer (level 9, -1/51 HPs)
             Began as an Octopode Earth Elementalist on Mar 22, 2022.
             Was a High Priest of Uskayaw.
             Slain by a wight
             ... wielding a +0 morningstar
              (9 damage)
             ... on level 7 of the Dungeon.
             The game lasted 00:18:09 (11071 turns).

spaghetti the Destroyer (OpEE)                     Turns: 11071, Time: 00:18:09

Health: -1/51      AC: -1    Str: 19 (20) XL:     9   Next: 96%
Magic:  1/15       EV: 13    Int: 21      God:    Uskayaw [*****.]
Gold:   414        SH:  0    Dex: 12      Spells: 3/16 levels left

rFire   . . .      SeeInvis .   k - +5 whip {mace}
rCold   . . .      Faith    .   (no shield)
rNeg    . . .      Spirit   .   (helmet restricted)
rPois   .          Reflect  .   (no amulet)
rElec   .          Harm     .   r - +6 ring of strength
rCorr   .          Rampage  .   i - +4 ring of slaying
Will    .....                   t - +6 ring of strength
Stlth   +++.......              (no ring)
HPRegen 0.17/turn               (no ring)
MPRegen 0.14/turn               (no ring)
                                (no ring)
                                (no ring)

@: corroded, flying
A: almost no armour, amphibious, 8 rings, camouflage 1, gelatinous body 1,
(nimble swimmer 1), tentacles, iridescent scales 1, MP-powered wands, noise
suppression
a: Renounce Religion, Stomp, Line Pass, Grand Finale


You were on level 7 of the Dungeon.
You worshipped Uskayaw.
Uskayaw was noncommittal.
You visited 2 branches of the dungeon, and saw 9 of its levels.

You collected 414 gold pieces.


Innate Abilities, Weirdness & Mutations

You cannot wear most types of armour.
You are amphibious.
You can wear up to eight rings at the same time.
Your skin changes colour to match your surroundings (Stealth+).
Your rubbery body absorbs attacks. (AC +1, EV +1)
((You are camouflaged when in or above water. (Stealth+)))
You have tentacles for arms and can constrict up to eight enemies at once.
You are partially covered in iridescent scales. (AC +2)
You expend magic power (3 MP) to strengthen your wands.
You passively dampen the noise of your surroundings.


   Skills:
 - Level 2.0 Dodging
 - Level 2.6 Stealth
 - Level 4.0 Spellcasting
 + Level 12.9 Conjurations
 - Level 1.0 Transmutations
 - Level 3.0 Earth Magic


You had 3 spell levels left.
You knew the following spells:

 Your Spells              Type           Power      Damage    Failure   Level
a - Sandblast             Erth           32%        2d9       3%          1
b - Passwall              Tmut/Erth      10%        N/A       8%          2
c - Stone Arrow           Conj/Erth      74%        3d11      1%          3
d - Orb of Destruction    Conj           27%        9d9       45%         7

Your spell library contained the following spells:

 Spells                   Type           Power      Damage    Failure   Level
 Foxfire                  Conj/Fire      100%       2x1d9     1%          1
 Conjure Flame            Conj/Fire      31%        6-21      2%          3
 Apportation              Tloc           8%         N/A       12%         1
 Slow                     Hex            16%        N/A       12%         1
 Confusing Touch          Hex            4%         N/A       34%         3
 Inner Flame              Hex/Fire       4%         N/A       34%         3
 Summon Guardian Golem    Hex/Summ       4%         N/A       34%         3
 Vampiric Draining        Necr           4%         2d6       34%         3
 Flame Wave               Conj/Fire      31%        2d8       9%          4
 Petrify                  Tmut/Erth      12%        N/A       45%         4
 Alistair's Intoxication  Tmut/Pois      4%         N/A       95%         5
 Spellforged Servitor     Conj/Summ      15%        N/A       100%        7

Inventory:

Hand Weapons
 k - a +5 whip (weapon) {mace}
   (You took it off a kobold on level 6 of the Dungeon)
 l - a +2 falchion {long}
   (You took it off a wight on level 7 of the Dungeon)
 n - a +4 dagger of flaming {short}
   (You took it off a kobold brigand on level 7 of the Dungeon)
 o - a +3 hand crossbow {crossbow}
   (You took it off a kobold on level 7 of the Dungeon)
 s - a +4 trident {polearm}
   (You took it off a wight on level 7 of the Dungeon)
 x - a +2 vampiric whip {mace}
   (You took it off an orc on level 5 of the Dungeon)
Missiles
 a - 179 stones {throwing}
 c - a curare-tipped dart {=fthrowing}
 e - 27 poisoned darts {throwing}
 f - 3 boomerangs {throwing}
 h - 3 throwing nets {=f!fthrowing}
 m - 2 silver boomerangs {throwing}
Jewellery
 i - a +4 ring of slaying (right tentacle)
   (You found it on level 6 of the Dungeon)
 r - a +6 ring of strength (left tentacle)
   (You found it on level 3 of the Dungeon)
 t - a +6 ring of strength (on tentacle)
   (You found it on level 7 of the Dungeon)
Wands
 p - a wand of flame (23)
   (You found it on level 3 of the Dungeon)
 w - a wand of polymorph (7)
   (You found it on level 4 of the Dungeon)
Scrolls
 d - a scroll of enchant weapon
 g - a scroll of identify {@r1}
 q - a scroll of immolation {!r!r}
Potions
 j - a potion of brilliance

Dungeon Overview and Level Annotations

Branches:
Dungeon (8/15)             Temple (1/1) D:4
   Lair: D:8-11

Altars:
Ashenzari
Cheibriados
Dithmenos
Fedhas
Gozag
Okawaru
Ru
Trog
Uskayaw
Vehumet
Xom
Yredelemnul
Zin

Annotations:
D:4 3 runed translucent doors, Darius099's ghost, amateur TrBe

#.#
#...........#......
#.#
#...........#######
..# #.###########
.## #.# . #.# #.
#.# #.# #.######
#.@....# #..z..$.#
....).....#
#..........#
##..........
#..........
#.........#
...........


You could see a wight.


Message History

A jelly comes into view.
The wight hits you from afar with a +3 halberd! 😕 HP[-8] MP[-3]
You take 8 damage, and now have 43/51 hp.
You lost 3 mp, and now have 9/15 mp.
Aiming: Stone Arrow (safe; 1% risk of failure)
Press: ? - help, Q - select action, (/) - cycle Shift-Dir - straight line, f/p - wight
Aim: a wight, wielding a +3 halberd and wearing a +0 robe (almost destroyed, 74% to hit)
The stone arrow hits the wight!
You destroy the wight!
The jelly quivers.
You can now pass through a line of other dancers. 😕 MP[-3]
You lost 3 mp, and now have 6/15 mp.
Aiming: Stone Arrow (safe; 1% risk of failure)
Press: ? - help, Q - select action, (/) - cycle Shift-Dir - straight line, f - wight
Aim: a wight, wielding a +3 long sword and wearing a +0 robe (74% to hit)
The stone arrow hits the wight!!
You destroy the wight! 😕 MP[-3]
You lost 3 mp, and now have 3/15 mp.
Aiming: Stone Arrow (safe; 1% risk of failure)
Press: ? - help, Q - select action, (/) - cycle Shift-Dir - straight line, f - wight
Aim: a wight, wielding a +5 dire flail and wearing a +0 robe (74% to hit)
The stone arrow hits the wight!
The wight closely misses you.
Uskayaw will force your foes to helplessly watch your dance.
Uskayaw prepares the audience for your solo! 😕 HP[+1] MP[-3]
You lost 3 mp, and now have 0/15 mp.
You don't have enough magic to cast this spell.
Unknown command.
The helpless wight fails to defend itself.
You hit the wight. You grab the wight. You constrict the wight.
You destroy the wight!
You don't have enough magic to cast this spell.
A wight comes into view. It is wielding a +0 morningstar.
The jelly is no longer paralysed.
The wight is no longer paralysed.
The wight hits you with a +3 hand axe!
Items here: )) [[. 😮 HP[-8] MP[+1]
You take 8 damage, and now have 36/51 hp.
You hit the wight. You grab the wight. You constrict the wight.
The wight misses you.
Uskayaw will force your foes to share their pain.
Uskayaw links your audience in an emotional bond!
You hit the wight. You constrict the wight.
The wight hits you with a +3 hand axe!
* * * LOW HITPOINT WARNING * * *
😨 HP[-11]
You take 11 damage, and now have 25/51 hp.
MASSIVE DAMAGE!! (PAUSE)
You barely miss the wight. Your squeeze misses the wight.
You constrict the wight. The wight hits you with a +3 hand axe!
* * * LOW HITPOINT WARNING * * *
You feel drained.
* * * LOW HITPOINT WARNING * * *
😨 HP[-8]
You now have 50 max hp (-1).
You take 8 damage, and now have 17/50 hp.
Okay, then.
You whack the wight!
You destroy the wight!
The jelly is no longer sharing its pain.
The wight is no longer sharing its pain.
The jelly hits you.
* * * LOW HITPOINT WARNING * * *
The acid corrodes you!
You are splashed with acid!
* * * LOW HITPOINT WARNING * * *
You feel your strength returning.
Your life force feels restored. 😱 HP[-9]
You now have 51 max hp (+1).
You take 9 damage, and now have 8/51 hp.
Okay, then.
Aiming: Throw Flame
Press: ? - help, Shift-Dir - straight line, f - jelly
Aim: a jelly (heavily wounded, 100% to hit)
The puff of flame hits the jelly!
You kill the jelly!
You can now merge with and destroy a victim. 😱 MP[-1]
You lost 1 mp, and now have 0/15 mp.
Okay, then.
Aiming: Throw Flame
Press: ? - help, Shift-Dir - straight line, f - wight
Aim: a wight, wielding a +0 morningstar and wearing a +0 robe (68% to hit)
The puff of flame hits the wight.
Aiming: Throw Flame
Press: ? - help, Shift-Dir - straight line, f/p - wight
Aim: a wight, wielding a +0 morningstar and wearing a +0 robe (lightly damaged, 68% to hit)
The puff of flame hits the wight but does no damage. 😱 MP[+1]
Okay, then.
Okay, then.
Okay, then.
It was a potion of flight.
You feel very buoyant.
You fly up into the air.
The wight hits you with a +0 morningstar!
You die...

Skill      XL: |  1  2  3  4  5  6  7  8  9 |
---------------+----------------------------+-----
Spellcasting   | 3 4 |  4.0
Conjurations   | 2 4 5 7 10 12 | 12.9
Dodging        | |  2.0
Stealth        | |  2.6
Transmutations | |  1.0
Earth Magic    | |  3.0

Action                   |  1- 3 |  4- 6 |  7- 9 || total
-------------------------+-------+-------+-------++-------
Melee: Club              |    32 |     6 |       ||    38
       Constrict         |     9 |    15 |    35 ||    59
       Tentacles         |     9 |    13 |    31 ||    53
       Punch             |     1 |     1 |     2 ||     4
       Dagger            |       |    32 |       ||    32
       Whip              |       |       |   142 ||   142
 Cast: Sandblast         |    15 |    76 |    54 ||   145
       Stone Arrow       |     2 |       |    69 ||    71
Invok: Line Pass         |       |     1 |     1 ||     2
       Stomp             |       |       |     2 ||     2
Evoke: Wand              |       |       |     8 ||     8
  Use: Scroll            |     4 |       |     6 ||    10
       Potion            |       |     1 |    17 ||    18
 Stab: Sleeping          |     4 |     1 |     2 ||     7
       Paralysed         |       |       |     7 ||     7
Armor: Skin              |     2 |     6 |   104 ||   112
Dodge: Dodged            |    23 |    43 |   123 ||   189

Levels and vault maps discovered:
D:1:      minmay_arrival_checkered_box, layout_loops_ring,
          shapermc_ecumenical_altar_gd
D:2:      layout_loops_corners, uniq_natasha
D:3:      layout_basic, uniq_terence
D:4:      nicolae_cairo_tiling_very_big, layout_basic, okawaru_trees_2,
          nicolae_dithmenos_through_a_glass_darkly, temple_fountains,
          ebering_ghost_rock_garden
D:5:      kennysheep_kobold_camp, layout_basic
D:6:      layout_cave_pools, mainiacjoe_overflow_boulevard,
          nicolae_ossuary_entry_giza, minmay_fractal_squares_diagonal_5,
          uniq_grinder, uniq_prince_ribbit1, uniq_edmund
D:7:      layout_rooms, uniq_duvessa
D:8:      layout_gridville, david_lair_shrubbed, uniq_gastronok, uniq_joseph
Temple:   minmay_temple_bridge_d

Notes
Turn   | Place    | Note
-------+----------+-------------------------------------------
     0 | D:1      | spaghetti the Octopode Earth Elementalist began the quest
                  | for the Orb.
     0 | D:1      | Reached XP level 1. HP: 11/11 MP: 3/3
     0 | D:1      | magus.rc [v1.9.6]
   510 | D:1      | Reached XP level 2. HP: 17/17 MP: 3/5
   772 | D:1      | Found a faded altar of an unknown god.
   782 | D:1      | Prayed at the altar of an unknown god.
   782 | D:1      | Became a worshipper of Uskayaw the Reveller
   782 | D:1      | Reached * piety under Uskayaw
   796 | D:1      | Reached ** piety under Uskayaw
   800 | D:1      | Reached *** piety under Uskayaw
   801 | D:1      | Reached skill level 3 in Spellcasting
  1270 | D:1      | Learned a level 2 spell: Passwall
  1617 | D:2      | Reached XP level 3. HP: 21/21 MP: 4/7
  1621 | D:2      | Learned a level 3 spell: Stone Arrow
  1828 | D:2      | Noticed Natasha
  1835 | D:2      | Killed Natasha
  1837 | D:2      | You pick up a book of Dangerous Friends and begin
                  | reading...
  1837 | D:2      | You add the spells Summon Guardian Golem, Orb of
                  | Destruction and Spellforged Servitor to your library.
  2037 | D:2      | Reached XP level 4. HP: 27/27 MP: 7/9
  2257 | D:2      | You pick up a book of Party Tricks and begin reading...
  2257 | D:2      | You add the spells Apportation and Alistair's Intoxication
                  | to your library.
  2262 | D:2      | Noticed Natasha
  2272 | D:2      | Killed Natasha
  2273 | D:2      | Reached skill level 4 in Spellcasting
  2273 | D:2      | Reached skill level 1 in Conjurations
  2561 | D:2      | Noticed Natasha
  2567 | D:2      | Killed Natasha
  2568 | D:2      | Reached skill level 2 in Conjurations
  2568 | D:2      | Reached XP level 5. HP: 25/31 MP: 7/11
  2892 | D:3      | Noticed Terence
  2902 | D:3      | Killed Terence
  3124 | D:3      | Reached skill level 3 in Conjurations
  3152 | D:3      | HP: 6/31 [orc/+0 short sword (4)]
  3160 | D:3      | HP: 7/31 [poisoned by an adder]
  3791 | D:3      | Reached skill level 4 in Conjurations
  3791 | D:3      | Reached XP level 6. HP: 34/36 MP: 10/12
  4178 | D:4      | Found a runed translucent gate.
  4180 | D:4      | Found a runed translucent gate.
  4180 | D:4      | Found a runed translucent gate.
  4180 | D:4      | Noticed Darius099's ghost (amateur TrBe)
  4249 | D:4      | Found a staircase to the Ecumenical Temple.
  4262 | Temple   | Entered the Ecumenical Temple
  4555 | D:4      | Found a shadowy altar of Dithmenos.
  4564 | D:4      | Found an iron altar of Okawaru.
  4611 | D:4      | HP: 9/36 [iguana (11)]
  5138 | D:5      | Entered Level 5 of the Dungeon
  5196 | D:5      | Reached skill level 5 in Conjurations
  5306 | D:5      | Reached XP level 7. HP: 41/41 MP: 9/13
  5341 | D:5      | Learned a level 7 spell: Orb of Destruction
  5355 | D:5      | Reached skill level 6 in Conjurations
  5431 | D:5      | HP: 10/41 [orc priest/+0 flail (4)]
  5982 | D:5      | Reached **** piety under Uskayaw
  5991 | D:5      | HP: 10/41 [poisoned by a kobold brigand]
  5995 | D:5      | Gained mutation: You are partially covered in iridescent
                  | scales. (AC +2) [potion of mutation]
  5995 | D:5      | Gained mutation: You expend magic power (3 MP) to
                  | strengthen your wands. [potion of mutation]
  5995 | D:5      | Gained mutation: You passively dampen the noise of your
                  | surroundings. [potion of mutation]
  6285 | D:5      | Reached skill level 7 in Conjurations
  6958 | D:5      | HP: 10/41 [gnoll sergeant/+0 spear (9)]
  6963 | D:5      | HP: 12/61 [gnoll sergeant/+0 spear (4)]
  6975 | D:5      | HP: 11/61 [gnoll sergeant/+0 spear (8)]
  6978 | D:5      | Reached XP level 8. HP: 13/46 MP: 5/14
  7289 | D:5      | Reached skill level 8 in Conjurations
  8056 | D:6      | Reached skill level 9 in Conjurations
  8073 | D:6      | HP: 17/69 [black bear (1)]
  8074 | D:6      | HP: 7/69 [orc/+0 trident (6)]
  8499 | D:6      | You pick up a book of Debilitation and begin reading...
  8499 | D:6      | You add the spells Slow, Vampiric Draining and Confusing
                  | Touch to your library.
  8525 | D:6      | Found a sacrificial altar of Ru.
  8569 | D:6      | Noticed a wraith
  8576 | D:6      | Killed a wraith
  8577 | D:6      | Reached skill level 10 in Conjurations
  8694 | D:6      | Reached XP level 9. HP: 39/51 MP: 8/15
  8828 | D:6      | You pick up a book of Flames and begin reading...
  8828 | D:6      | You add the spells Foxfire, Conjure Flame, Inner Flame and
                  | Flame Wave to your library.
  8838 | D:6      | Noticed Grinder
  8846 | D:6      | Paralysed by Grinder for 5 turns
  8898 | D:6      | Killed Grinder
  8899 | D:6      | Reached skill level 11 in Conjurations
  9139 | D:6      | Noticed Edmund
  9145 | D:6      | Killed Edmund
  9264 | D:6      | Noticed Prince Ribbit
  9273 | D:6      | Killed Prince Ribbit
  9933 | D:6      | Reached skill level 12 in Conjurations
 10609 | D:7      | HP: 11/51 [kobold brigand/+4 dagger of flaming (4)]
 10610 | D:7      | HP: 5/51 [kobold brigand/+4 dagger of flaming (1)]
 11067 | D:7      | HP: 8/50 [acid (7)]
 11068 | D:7      | Reached ***** piety under Uskayaw
 11071 | D:7      | Slain by a wight

Vanquished Creatures
  Prince Ribbit (D:6)
  Grinder (D:6)
  A wraith (D:6)
  A steam dragon (D:6)
  Edmund (D:6)
  2 black bears (D:6)
  2 ogres
  A centaur (D:5)
  4 kobold brigands
  A phantom (D:5)
  2 necrophages
  A gnoll sergeant (D:5)
  2 scorpions
  7 wights (D:7)
  3 jellies
  4 orc priests (D:5)
  3 hounds
  A gnoll shaman (D:7)
  Terence (D:3)
  5 iguanas
  Natasha (thrice) (D:2)
  An orc wizard (D:6)
  A mummy (D:6)
  6 adders
  14 gnolls
  A shadow imp (D:7)
  3 white imps
  3 ufetubi
  2 worms
  2 dart slugs
  22 orcs
  3 bats
  7 endoplasms
  3 giant cockroaches
  7 goblins
  3 hobgoblins
  7 jackals
  4 quokkas
  11 ball pythons
  3 frilled lizards
  A goblin zombie (D:6)
  A hobgoblin zombie (D:6)
  43 kobolds
  3 rats
198 creatures vanquished.

Vanquished Creatures (others)
  A demonic plant (D:1)
  10 plants (D:5)
  3 withered plants (D:1)
14 creatures vanquished.

Grand Total: 212 creatures vanquished

Table legend:
 A = Non-vault XP
 B = Vault XP
 C = Vault XP percentage of total XP
 D = Non-vault monster count
 E = Vault monster count
 F = Vault count percentage of total count
                 A         B        C        D         E       F
            +---------+---------+-------+---------+---------+-------
      Total |    3474 |    1093 |  23.9 |     164 |      34 |  17.2
            +---------+---------+-------+---------+---------+-------
        D:1 |      32 |       0 |   0.0 |      18 |       0 |   0.0
        D:2 |     101 |      35 |  25.7 |      19 |       1 |   5.0
        D:3 |     124 |      36 |  22.5 |      23 |       1 |   4.2
        D:4 |     114 |       0 |   0.0 |      15 |       0 |   0.0
        D:5 |     854 |     135 |  13.7 |      28 |      21 |  42.9
        D:6 |    1240 |     887 |  41.7 |      29 |      11 |  27.5
        D:7 |    1006 |       0 |   0.0 |      31 |       0 |   0.0
        D:8 |       3 |       0 |   0.0 |       1 |       0 |   0.0
            +---------+---------+-------+---------+---------+-------

Illustrated notes

Table legend:
 A = Kills in this place as a percentage of kills in entire the game.
 B = Kills by you in this place as a percentage of kills by you in the entire game.
 C = Kills by friends in this place as a percentage of kills by friends in the entire game.
 D = Other kills in this place as a percentage of other kills in the entire game.
 E = Experience gained in this place as a percentage of experience gained in the entire game.
 F = Experience gained in this place divided by the number of levels of this place that you have seen.
                   A       B       C       D       E      F
               +-------+-------+-------+-------+-------+----------------------
         Total | 100.0 | 100.0 |   N/A |   N/A | 100.0 | 507.4
       Dungeon | 100.0 | 100.0 |   N/A |   N/A | 100.0 | 570.9
               +-------+-------+-------+-------+-------+----------------------

Table legend: (Time is in decaauts)
 A = Elapsed time spent in this place.
 B = Non-inter-level travel time spent in this place.
 C = Inter-level travel time spent in this place.
 D = Time resting spent in this place.
 E = Time spent auto-exploring this place.
 F = Levels seen in this place.
 G = Mean time per level.
                   A        B        C        D        E       F      G
               +--------+--------+--------+--------+--------+-----+--------+
         Total |  11113 |  10683 |    430 |   4182 |   5241 |   9 | 1234.8 |
       Dungeon |  11002 |  10613 |    389 |   4182 |   5176 |   8 | 1375.2 |
        Temple |    110 |     69 |     41 |      0 |     65 |   1 |  110.0 |
               +--------+--------+--------+--------+--------+-----+--------+

Top non-repeatable levels by time:
     D:6: 2394 daAuts
     D:5: 2187 daAuts
     D:1: 1578 daAuts
     D:4: 1427 daAuts
     D:3: 1323 daAuts
     D:2: 1216 daAuts
     D:7: 864 daAuts
  Temple: 110 daAuts
     D:8: 8 daAuts
